 Dungeon Crawl Stone Soup version 0.20.0-10-g0535bb4 (webtiles) character file.

475 Naow the Cudgeler (level 6, -1/70 HPs)
             Began as a Demonspawn Berserker on June 6, 2017.
             Was a Priest of Trog.
             Succumbed to a scorpion's poison
             ... on level 4 of the Dungeon.
             The game lasted 00:05:19 (5482 turns).

Naow the Cudgeler (Demonspawn Berserker)            Turns: 5482, Time: 00:05:20

Health: -1/70      AC: 23    Str: 20    XL:     6   Next: 84%
Magic:  6/6        EV:  2    Int: 13    God:    Trog [***...]
Gold:   174        SH:  0    Dex: 14    Spells: 5/5 levels left

rFire    . . .     SeeInvis .   a - +0 mace
rCold    . . .     Gourm    .   (no shield)
rNeg     + + +     Faith    .   (armour currently unavailable)
rPois    +         Spirit   .   (helmet currently unavailable)
rElec    .         Reflect  .   (cloak currently unavailable)
rCorr    .         Harm     .   (gloves currently unavailable)
MR       .....     NoTele   +   (boots currently unavailable)
Stlth    ++........             (no amulet)
Regen    0.3/turn               (no ring)
MPRegen  0.1/turn               (no ring)

@: brilliant, lethally poisoned (-1 -> -9), tree-form, berserk cooldown, slowed,
very slow
A: thin skeletal structure 1, powered by death 1
a: Berserk, Trog's Hand, Burn Spellbooks, Renounce Religion


You were on level 4 of the Dungeon.
You worshipped Trog.
Trog was most pleased with you.
You were very hungry.
You were a tree.
You visited 1 branch of the dungeon, and saw 4 of its levels.

You collected 174 gold pieces.

Inventory:

Hand Weapons
 a - a +0 mace (weapon)
Armour
 b - a +0 animal skin (melded)
Scrolls
 e - a scroll of recharging {unknown}
 f - a scroll of enchant weapon {unknown}
 g - 2 scrolls of amnesia {unknown}
 i - a scroll of random uselessness {unknown}
 j - a scroll of teleportation {unknown}
 k - 2 scrolls of magic mapping {unknown}
 o - a scroll of remove curse
 s - a scroll of identify {unknown}
Potions
 l - a potion of agility
 p - a potion of flight {unknown}
Comestibles
 c - a bread ration
 d - 5 fruits
 q - a royal jelly
 r - 6 chunks of flesh


   Skills:
 - Level 3.0 Fighting
 + Level 7.1 Maces & Flails
 - Level 1.7 Armour
 - Level 1.7 Dodging


You had 5 spell levels left.
You didn't know any spells.

Dungeon Overview and Level Annotations

Branches:
Dungeon (4/15)
 Temple: D:4-7

Altars:
Cheibriados
Fedhas
Gozag
Hepliaklqana
Nemelex Xobeh
Uskayaw
Yredelemnul
The Shining One


Innate Abilities, Weirdness & Mutations

((You have very sharp fingernails.))
You have a somewhat thin skeletal structure. (Dex +2, Stealth)
You regenerate a little health from kills.


Message History

You feel sick.
You feel your anger subside.
You are no longer berserk.
You are exhausted.
You feel yourself slow down.
* * * LOW HITPOINT WARNING * * *
You feel sick.
* * * LOW HITPOINT WARNING * * *
You feel sick.
It was a potion of lignification.
You turn into a tree.
Your +0 animal skin melds into your body.
Your roots penetrate the ground.
* * * LOW HITPOINT WARNING * * *
You feel sick.
It was a potion of berserk rage.
You're still recovering from your berserk rage.
* * * LOW HITPOINT WARNING * * *
You feel sick.
It was a potion of brilliance.
You feel clever all of a sudden.
You die...

#...#.#.....#.#
#...
#...#.#.....# #
#.##
##............
#.##
#.##.#.#......
....
#.##....<#.#.#
....
#........#.#
.... #..#.#.###
.... #..#.#..
.... #.♣#.####
#### #.†###
######## #...
........ #....
........ ##.###
#...... #..
#...... #..
#...... #..
#...... #......


There were no monsters in sight!

Vanquished Creatures
  An ogre (D:4)
  A scorpion (D:4)
  3 orc priests (D:4)
  2 hounds (D:4)
  A worker ant (D:3)
  9 adders
  3 oozes
  3 worms
  A dart slug (D:1)
  3 leopard geckos
  3 orcs
  2 giant cockroaches
  9 goblins
  7 hobgoblins
  3 jackals (D:4)
  3 bats
  5 frilled lizards
  13 kobolds
  6 rats
78 creatures vanquished.

Notes
Turn   | Place    | Note
-------+----------+-------------------------------------------
     0 | D:1      | Naow the Demonspawn Berserker began the quest for the Orb.
     0 | D:1      | Reached XP level 1. HP: 18/18 MP: 1/1
   298 | D:1      | Reached skill level 3 in Maces & Flails
   653 | D:1      | Gained mutation: You regenerate a little health from kills. [demonic ancestry]
   653 | D:1      | Reached XP level 2. HP: 4/24 MP: 2/2
  1092 | D:1      | Reached XP level 3. HP: 22/29 MP: 3/3
  1408 | D:2      | Reached ** piety under Trog
  1419 | D:2      | Reached skill level 4 in Maces & Flails
  1891 | D:2      | Gained mutation: You have sharp fingernails. [demonic ancestry]
  1891 | D:2      | Reached XP level 4. HP: 19/35 MP: 4/4
  3412 | D:3      | Reached skill level 5 in Maces & Flails
  3636 | D:3      | Found an opulent altar of Gozag.
  3640 | D:3      | Found a blossoming altar of Fedhas.
  3652 | D:3      | Gained mutation: You have a somewhat thin skeletal structure. (Dex +2, Stealth) [demonic ancestry]
  3652 | D:3      | Reached XP level 5. HP: 26/41 MP: 5/5
  3808 | D:3      | Found a basalt altar of Yredelemnul.
  3809 | D:3      | Found a hazy altar of Hepliaklqana.
  3809 | D:3      | Found a glowing golden altar of the Shining One.
  3811 | D:3      | Found a snail-covered altar of Cheibriados.
  3814 | D:3      | Found a hide-covered altar of Uskayaw.
  3815 | D:3      | Found a sparkling altar of Nemelex Xobeh.
  4708 | D:4      | Noticed an ogre
  4719 | D:4      | Killed an ogre
  4719 | D:4      | Reached skill level 6 in Maces & Flails
  4719 | D:4      | Gained mutation: You have very sharp fingernails. [demonic ancestry]
  4719 | D:4      | Reached XP level 6. HP: 30/47 MP: 6/6
  5165 | D:4      | Reached *** piety under Trog
  5474 | D:4      | Reached skill level 7 in Maces & Flails
  5480 | D:4      | HP: 3/70 [poisoned by a scorpion]
  5481 | D:4      | HP: 1/70 [poisoned by a scorpion]
  5482 | D:4      | Succumbed to a scorpion's poison

Skill      XL: |  1  2  3  4  5  6 |
---------------+-------------------+-----
Maces & Flails | 3 4 5 6 7 |  7.1
Fighting       | |  3.0
Armour         | |  1.7
Dodging        | |  1.7

Action                   |  1- 3 |  4- 6 || total
-------------------------+-------+-------++-------
Melee: Mace              |   111 |   196 ||   307
Invok: Berserk           |     2 |     6 ||     8
  Use: Scroll            |       |     1 ||     1
       Potion            |       |     3 ||     3
 Stab: Sleeping          |     3 |     1 ||     4
  Eat: Chunk             |     4 |    13 ||    17
       Bread ration      |       |     1 ||     1
Armor: Animal skin       |    24 |    16 ||    40
Dodge: Dodged            |    76 |   132 ||   208
